 Dungeon Crawl Stone Soup version 0.30-a0-757-ga6a79fd877 (webtiles) character file.

Game seed: 16185953340298911601

1191 BigDaddyOpFi the Digger (level 8, -3/46 HPs)
             Began as an Octopode Earth Elementalist on Feb 8, 2023.
             Was an Initiate of Hepliaklqana.
             Succumbed to a water moccasin's poison
             ... on level 5 of the Dungeon on Feb 9, 2023.
             The game lasted 00:08:04 (5763 turns).

BigDaddyOpFi the Digger (OpEE)                      Turns: 5763, Time: 00:08:05

Health: -3/46      AC:  1    Str:  7    XL:     8   Next: 43%
Magic:  13/15      EV: 18    Int: 20    God:    Hepliaklqana [......]
Gold:   239        SH:  0    Dex: 18    Spells: 13/17 levels left

rFire   . . .      SeeInvis .    r - +4 war axe
rCold   . . .      Faith    .    (no shield)
rNeg    . . .      Spirit   .    (helmet restricted)
rPois   .          Reflect  .    (no amulet)
rElec   .          Harm     .    j - +6 ring of dexterity
rCorr   .          Rampage  .    p - +5 ring of evasion
Will    .....                    (no ring)
Stlth   +++                      (no ring)
HPRegen 0.27/turn                (no ring)
MPRegen 0.14/turn                (no ring)
                                 (no ring)
                                 (no ring)

@: lethally poisoned (-3 -> -17), studying Staves
A: almost no armour, amphibious, 8 rings, camouflage 1, gelatinous body 1,
(nimble swimmer 1), tentacles
a: Renounce Religion


You were on level 5 of the Dungeon.
You worshipped Hepliaklqana.
Hepliaklqana was noncommittal.
You visited 2 branches of the dungeon, and saw 6 of its levels.

You collected 239 gold pieces.

Inventory:

Hand Weapons
 r - a +4 war axe (weapon)
Missiles
 c - 2 throwing nets
Jewellery
 j - a +6 ring of dexterity (left tentacle)
 p - a +5 ring of evasion (right tentacle)
Scrolls
 d - 4 scrolls of identify
 e - 2 scrolls of amnesia
 g - a scroll of fog
 h - a scroll of teleportation
 i - 2 scrolls of noise
Potions
 a - a potion of attraction {unknown}
 b - 2 potions of cancellation
 f - a potion of degeneration {unknown}
 k - a potion of heal wounds {unknown}
 l - a potion of might {unknown}
 n - a potion of flight {unknown}
 o - a potion of magic
 q - a potion of curing {unknown}


   Skills:
 + Level 2.3 Axes
 - Level 2.0 Dodging
 - Level 2.8 Stealth
 - Level 0.7 Unarmed Combat
 + Level 5.1 Spellcasting
 + Level 4.9 Conjurations
 - Level 1.1 Transmutations
 + Level 6.0 Earth Magic
 + Level 2.2 Invocations


You had 13 spell levels left.
You knew the following spells:

 Your Spells              Type           Power      Damage    Failure   Level
a - Sandblast             Erth           58%        2d13      1%          1
b - Stone Arrow           Conj/Erth      54%        3d10      3%          3

Your spell library contained the following spells:

 Spells                   Type           Power      Damage    Failure   Level
 Passwall                 Tmut/Erth      15%        N/A       4%          2
 Petrify                  Tmut/Erth      19%        N/A       26%         4
 Portal Projectile        Hex/Tloc       10%        N/A       34%         3
 Tukima's Dance           Hex            5%         N/A       34%         3
 Animate Dead             Necr           5%         N/A       75%         4
 Summon Lightning Spire   Summ/Air       5%         N/A       75%         4
 Blade Hands              Tmut           4%         N/A       90%         5
 Haunt                    Necr/Summ      2%         N/A       100%        7
 Storm Form               Tmut/Air       3%         N/A       100%        7
 Infestation              Necr           2%         N/A       100%        8
 Maxwell's Capacitive Co  Air            2%         ∞         100%        8


Dungeon Overview and Level Annotations

Branches:
Dungeon (5/15)             Temple (1/1) D:5

Altars:
Ashenzari
Cheibriados
Dithmenos
Fedhas
Gozag
Hepliaklqana
Kikubaaqudgha
Makhleb
Nemelex Xobeh
Okawaru
Qazlal
Sif Muna
Trog
Uskayaw
Vehumet
Wu Jian
Xom
Yredelemnul
Zin
The Shining One

Annotations:
D:3 2 runed translucent doors, Newt's ghost, amateur KoHu


Innate Abilities, Weirdness & Mutations

You cannot wear most types of armour.
You are amphibious.
You can wear up to eight rings at the same time.
Your skin changes colour to match your surroundings (Stealth+).
Your rubbery body absorbs attacks. (AC +1, EV +1)
((You are camouflaged when in or above water. (Stealth+)))
You have tentacles for arms and can constrict up to eight enemies at once.


Message History

You feel sick.
The gnoll hits you from afar with a +0 halberd!
You feel sick. The gnoll misses you.
Things that are here:
a +0 club; 3 poisoned darts You slash the gnoll!
Your grab misses the gnoll.
The gnoll is almost dead.
You feel sick. The gnoll hits you with a +0 halberd.
You are too injured to fight recklessly!
Casting: Sandblast (safe; 1% risk of failure)
Confirm with . or Enter, or press ? or * to list all spells.
Aiming: Sandblast (safe; 1% risk of failure)
Press: ? - help, Shift-Dir - straight line, f - gnoll
Aim: a gnoll, wielding a +0 halberd and wearing a +0 ring mail (almost dead, 87% to hit)
The blast of sand hits the gnoll!
You kill the gnoll!
You feel sick. The water moccasin misses you.
Casting: Sandblast (safe; 1% risk of failure)
Confirm with . or Enter, or press ? or * to list all spells.
Aiming: Sandblast (safe; 1% risk of failure)
Press: ? - help, Shift-Dir - straight line, f - water moccasin
Aim: a water moccasin (72% to hit)
The blast of sand hits the water moccasin.
The water moccasin is lightly wounded.
You feel sick.
You are no longer poisoned.
The water moccasin bites you!
* * * LOW HITPOINT WARNING * * *
The water moccasin bites you!
* * * LOW HITPOINT WARNING * * *
You are lethally poisoned!
The water moccasin poisons you!
Casting: Sandblast (safe; 1% risk of failure)
Confirm with . or Enter, or press ? or * to list all spells.
Aiming: Sandblast (safe; 1% risk of failure)
Press: ? - help, Shift-Dir - straight line, f/p - water moccasin
Aim: a water moccasin (lightly wounded, 72% to hit)
Okay, then.
It was a potion of cancellation.
You feel magically purged.
You die...

##...)...## ##.## #.>##.###
#.........####...########........
+.........+......................
#.........####...#########.#...##
##.......##......# #....##
##.....###.###..# #.#.## ##...##
# #..# # #.#.# ##+## #..#.# #.#.#
#.@.# #...# ##S#.# #...# #.#.#
#.# # ..# ... .##### ### ......
###### .#


You could see a water moccasin.

Vanquished Creatures
  2 black bears
  A centaur (D:4)
  A phantom (D:4)
  A bullfrog (D:5)
  Blork the orc (D:5)
  A necrophage (D:4)
  A wight (D:4)
  2 gnoll boudas (D:5)
  An orc priest (D:3)
  A hound (D:5)
  4 iguanas
  2 orc wizards (D:4)
  13 gnolls
  9 adders
  A white imp (D:3)
  2 worms
  4 dart slugs
  17 orcs
  5 bats
  10 endoplasms
  3 giant cockroaches
  10 hobgoblins
  3 jackals (D:1)
  3 quokkas
  9 ball pythons
  2 frilled lizards
  6 goblins
  4 kobolds
  6 rats
125 creatures vanquished.

Notes
Turn   | Place    | Note
-------+----------+-------------------------------------------
     0 | D:1      | BigDaddyOpFi the Octopode Earth Elementalist began the
                  | quest for the Orb.
     0 | D:1      | Reached XP level 1. HP: 11/11 MP: 3/3
   197 | D:1      | Reached XP level 2. HP: 17/17 MP: 0/5
   556 | D:1      | Reached XP level 3. HP: 3/21 MP: 4/6
   772 | D:1      | Reached skill level 1 in Conjurations
  1205 | D:2      | You fall into a shaft and drop 2 floors!
  1217 | D:4      | Noticed a phantom
  1383 | D:3      | Found a runed translucent door.
  1384 | D:3      | Noticed a bullfrog
  1386 | D:3      | Noticed Newt's ghost (amateur KoHu)
  1454 | D:3      | Found a runed translucent door.
  1500 | D:2      | Learned a level 3 spell: Stone Arrow
  1563 | D:2      | Reached XP level 4. HP: 27/27 MP: 3/8
  2662 | D:4      | Reached XP level 5. HP: 31/31 MP: 7/9
  2810 | D:3      | Reached skill level 4 in Earth Magic
  2962 | D:4      | Killed a phantom
  2963 | D:4      | Reached XP level 6. HP: 36/36 MP: 0/11
  3060 | D:5      | Entered Level 5 of the Dungeon
  3750 | D:4      | Reached skill level 5 in Earth Magic
  3750 | D:4      | Reached XP level 7. HP: 24/41 MP: 0/13
  4031 | D:4      | Found a hide-covered altar of Uskayaw.
  4031 | D:4      | Found an opulent altar of Gozag.
  4288 | D:4      | Found an ancient bone altar of Kikubaaqudgha.
  4550 | D:5      | Found a staircase to the Ecumenical Temple.
  4556 | D:5      | Reached skill level 1 in Axes
  4566 | Temple   | Entered the Ecumenical Temple
  4889 | Temple   | Upgraded the game from 0.30-a0-748-ge6a52f7cba to
                  | 0.30-a0-757-ga6a79fd877
  4892 | Temple   | Became a worshipper of Hepliaklqana the Forgotten
  5111 | D:5      | Noticed Blork the orc
  5114 | D:5      | Killed Blork the orc
  5115 | D:5      | Reached skill level 1 in Invocations
  5115 | D:5      | Reached XP level 8. HP: 37/46 MP: 11/15
  5461 | D:5      | Reached skill level 5 in Spellcasting
  5723 | D:5      | Reached skill level 6 in Earth Magic
  5762 | D:5      | HP: 1/46 [water moccasin (9)]
  5763 | D:5      | Succumbed to a water moccasin's poison

Illustrated notes

Levels and vault maps discovered:
D:1:      wander_arrival_estate, layout_basic
D:2:      layout_rooms, roderic_serpentine_path
D:3:      layout_loops_ring, ebering_ghost_sewer_f, minmay_misc_feat_encased
D:4:      layout_rooms, kiku_gazebo_garden_becter, grunt_temple_overflow_open,
          minivault_19, minmay_manual_mess
D:5:      layout_loops_corners, minmay_temple_entry_trees,
          ebering_ghost_rock_garden, uniq_blork_the_orc
Temple:   minmay_temple_bridge_d

Skill      XL: |  1  2  3  4  5  6  7  8 |
---------------+-------------------------+-----
Conjurations   | 1 2 3 4 |  4.9
Spellcasting   | 3 4 5 |  5.1
Earth Magic    | 4 5 6 |  6.0
Axes           | 1 2 |  2.3
Invocations    | 1 2 |  2.2
Dodging        | |  2.0
Stealth        | |  2.8
Unarmed Combat | |  0.7
Transmutations | |  1.1

Action                     |  1- 3 |  4- 6 |  7- 9 || total
---------------------------+-------+-------+-------++-------
  Melee: Unarmed           |     6 |       |       ||     6
         Constrict         |     3 |     6 |    15 ||    24
         Tentacles         |     1 |     6 |    13 ||    20
         Punch             |     1 |       |     1 ||     2
         Dagger            |     6 |    13 |     6 ||    25
         War axe           |       |       |    38 ||    38
   Cast: Sandblast         |    50 |    43 |    36 ||   129
         Stone Arrow       |       |    12 |     5 ||    17
    Use: Potion            |     1 |       |     1 ||     2
         Scroll            |       |       |     7 ||     7
   Stab: Sleeping          |     2 |     1 |     4 ||     7
 Armour: Skin              |     4 |     2 |       ||     6
  Dodge: Dodged            |    26 |    33 |    54 ||   113

Table legend: (Time is in decaauts)
 A = Elapsed time spent in this place.
 B = Non-inter-level travel time spent in this place.
 C = Inter-level travel time spent in this place.
 D = Time resting spent in this place.
 E = Time spent auto-exploring this place.
 F = Levels seen in this place.
 G = Mean time per level.
                   A        B        C        D        E       F      G
               +--------+--------+--------+--------+--------+-----+--------+
         Total |   5844 |   5607 |    237 |   1414 |   3433 |   6 |  974.0 |
       Dungeon |   5446 |   5349 |     97 |   1414 |   3204 |   5 | 1089.2 |
        Temple |    397 |    257 |    140 |      0 |    229 |   1 |  397.0 |
               +--------+--------+--------+--------+--------+-----+--------+

Top non-repeatable levels by time:
     D:5: 1438 daAuts
     D:1: 1221 daAuts
     D:3: 1095 daAuts
     D:4: 1048 daAuts
     D:2: 643 daAuts
  Temple: 397 daAuts
